 Dungeon Crawl Stone Soup version 0.30-a0-269-gf0224bf7b6 (webtiles) character file.

Game seed: 17215060466356477597

7240 greasedhog the Tainter (level 11, -10/63 HPs)
             Began as a Gargoyle Venom Mage on Oct 15, 2022.
             Was a Priest of Vehumet.
             Mangled by a two-headed ogre
             ... wielding a +0 giant club
              (12 damage)
             ... on level 10 of the Dungeon.
             The game lasted 00:24:51 (9381 turns).

greasedhog the Tainter (Gargoyle Venom Mage)        Turns: 9381, Time: 00:24:53

Health: -10/63     AC: 18    Str: 16    XL:     11   Next: 12%
Magic:  24/27      EV: 12    Int: 23    God:    Vehumet [***...]
Gold:   1922       SH:  0    Dex: 17    Spells: 8/20 levels left

rFire   . . .      SeeInvis .    k - +3 spear (venom)
rCold   . . .      Faith    .    (no shield)
rNeg    + . .      Spirit   .    y - +2 robe of Keuz Cuch {Dex+7}
rPois   ∞          Reflect  .    L - +0 helmet {Int+3}
rElec   +          Harm     .    q - +2 cloak "Heger" {MP+9 Str+4}
rCorr   +          Rampage  .    D - +0 pair of gloves
Will    .....                    e - +0 pair of boots
Stlth   ++........               c - amulet of magic regeneration
HPRegen 0.30/turn                p - ring of resist corrosion
MPRegen 0.60/turn                (no ring)

@: very slightly contaminated, studying 2 skills
A: sickness immunity, AC +8, negative energy resistance 1, electricity
resistance, torment resistance 1, petrification resistance
a: Renounce Religion


You were on level 10 of the Dungeon.
You worshipped Vehumet.
Vehumet was most pleased with you.
You visited 2 branches of the dungeon, and saw 11 of its levels.

You collected 1922 gold pieces.

Inventory:

Hand Weapons
 k - a +3 spear of venom (weapon)
Missiles
 A - a throwing net
Armour
 e - a +0 pair of boots (worn)
 q - the +2 cloak "Heger" (worn) {MP+9 Str+4}
   (You acquired it on level 7 of the Dungeon)

   Str:       It affects your strength (+4).
   MP:        It affects your magic capacity (+9).
 y - the +2 robe of Keuz Cuch (worn) {Dex+7}
   (You found it on level 5 of the Dungeon)

   Dex:       It affects your dexterity (+7).
 D - a +0 pair of gloves (worn)
 L - a +0 helmet of intelligence (worn)
Jewellery
 c - an amulet of magic regeneration (around neck)
 p - a ring of resist corrosion (left hand)
 F - a ring of fire
Wands
 t - a wand of flame (34)
 B - a wand of acid (21)
 C - a wand of mindburst (14)
 H - a wand of roots (13)
 K - a wand of polymorph (5)
Scrolls
 d - 2 scrolls of immolation
 h - 3 scrolls of butterflies
 m - a scroll of magic mapping {unknown}
 o - a scroll of enchant weapon
 s - a scroll of vulnerability
 v - 3 scrolls of enchant armour
 w - 5 scrolls of teleportation
 x - a scroll of silence
 J - a scroll of blinking {unknown}
 M - a scroll of poison
Potions
 a - 2 potions of degeneration
 b - a potion of magic
 f - 3 potions of curing
 g - 2 potions of flight
 i - 2 potions of haste
 j - 8 potions of heal wounds
 l - 2 potions of attraction
 n - 3 potions of berserk rage {unknown}
 r - a potion of cancellation {unknown}
 u - 3 potions of lignification {unknown}
 z - 2 potions of mutation {unknown}
 E - 2 potions of ambrosia {unknown}
 G - 2 potions of might {unknown}
 I - a potion of invisibility {unknown}
 N - a potion of resistance {unknown}


   Skills:
 - Level 5.1 Fighting
 * Level 9.1 Staves
 - Level 1.5 Dodging
 - Level 2.1 Stealth
 - Level 5.1 Spellcasting
 - Level 5.0 Conjurations
 * Level 3.6 Translocations
 - Level 3.0 Transmutations
 * Level 5.4 Air Magic
 * Level 10.1 Poison Magic


You had 8 spell levels left.
You knew the following spells:

 Your Spells              Type           Power      Damage    Failure   Level
a - Sting                 Tmut/Pois      100%       1d8       1%          1
b - Poisonous Vapours     Pois/Air       82%        N/A       1%          2
c - Mephitic Cloud        Conj/Pois/Air  37%        N/A       1%          3
d - Olgreb's Toxic Radia  Pois           51%        N/A       1%          4
e - Blink                 Tloc           44%        N/A       3%          2

Your spell library contained the following spells:

 Spells                   Type           Power      Damage    Failure   Level
 Inner Flame              Hex/Fire       5%         N/A       8%          3
 Magic Dart               Conj           100%       1d8       1%          1
 Momentum Strike          Conj/Tloc      50%        3d9       1%          2
 Searing Ray              Conj           56%        2d6       1%          2
 Freeze                   Ice            20%        1d4       2%          1
 Sandblast                Erth           10%        2d5       2%          1
 Hailstorm                Conj/Ice       17%        3d6       2%          3
 Stone Arrow              Conj/Erth      34%        3d9       2%          3
 Vhi's Electric Charge    Tloc/Air       52%        N/A       4%          3
 Lesser Beckoning         Tloc           44%        N/A       6%          3
 Passwall                 Tmut/Erth      10%        N/A       8%          2
 Frozen Ramparts          Ice            10%        1d2       8%          3
 Fulminant Prism          Conj/Hex       8%         3d7       9%          4
 Arcjolt                  Conj/Air       14%        1d24      9%          5
 Summon Small Mammal      Summ           20%        N/A       10%         1
 Call Canine Familiar     Summ           5%         N/A       28%         3
 Confusing Touch          Hex            5%         N/A       28%         3
 Ozocubu's Armour         Ice            5%         N/A       28%         3
 Summon Guardian Golem    Hex/Summ       5%         N/A       28%         3
 Tukima's Dance           Hex            5%         N/A       28%         3
 Lee's Rapid Deconstruct  Erth           2%         3d6*      52%         5
 Silence                  Hex/Air        9%         N/A       65%         5
 Metabolic Englaciation   Hex/Ice        2%         N/A       95%         5
 Simulacrum               Ice/Necr       2%         N/A       100%        6
 Maxwell's Capacitive Co  Air            15%        ∞         100%        8


Dungeon Overview and Level Annotations

Branches:
Dungeon (10/15)            Temple (1/1) D:4            Lair (0/5) D:10
    Orc: D:9-12

Altars:
Ashenzari
Cheibriados
Dithmenos
Elyvilon
Fedhas
Gozag
Hepliaklqana
Kikubaaqudgha
Makhleb
Nemelex Xobeh
Okawaru
Qazlal
Ru
Sif Muna
Trog
Uskayaw
Vehumet
Wu Jian
Xom
Yredelemnul
Zin
The Shining One


Innate Abilities, Weirdness & Mutations

You are immune to sickness and miasma.
Your stone body is resilient. (AC +8)
You are immune to poison.
You resist negative energy. (rN+)
You are resistant to electric shocks. (rElec)
You are resistant to unholy torment.
You are immune to petrification.


Message History

The warg is almost dead.
The warg completely misses you.
You hit the warg.
The warg looks as sick as possible!
The warg is almost dead.
You kill the warg!
Vehumet accepts your kill.
You start resting.
A two-headed ogre comes into view.
It is wielding a +0 giant club and a +0 giant spiked club.
Casting: Mephitic Cloud (safe; 1% risk of failure)
Confirm with . or Enter, or press ? or * to list all spells.
Aiming: Mephitic Cloud (safe; 1% risk of failure)
Press: ? - help, Shift-Dir - straight line, f - two-headed ogre
Aim: a two-headed ogre, wielding a +0 giant club and a +0 giant spiked club (wandering, hasn't noticed you, chance to affect: 53%)
The ball explodes into a vile cloud!
The stinking cloud engulfs the two-headed ogre but does no damage.
The two-headed ogre shouts in stereo!
The two-headed ogre is engulfed in noxious fumes.
Unknown command.
Unknown command.
You hit the two-headed ogre.
The two-headed ogre is poisoned.
The two-headed ogre is lightly wounded.
The two-headed ogre is engulfed in noxious fumes.
The two-headed ogre appears confused.
The two-headed ogre hits you with a +0 giant club.
The two-headed ogre hits you with a +0 giant spiked club!!
* * * LOW HITPOINT WARNING * * *
The two-headed ogre is engulfed in noxious fumes.
The two-headed ogre appears confused.
You see here a warg corpse.
Okay, then.
Casting: Mephitic Cloud (safe; 1% risk of failure)
Confirm with . or Enter, or press ? or * to list all spells.
Okay, then.
Casting: Mephitic Cloud (safe; 1% risk of failure)
Confirm with . or Enter, or press ? or * to list all spells.
You miscast Blink.
You are very lightly contaminated with residual magic.
Nothing appears to happen.
The two-headed ogre misses you.
The two-headed ogre hits you with a +0 giant spiked club!
You die...

#.# #.# #.# #.# #
#.#####.#####.#
#.............#
#########.....###
........°.....+
...######°....#
#O##### ##@# #).#
#...# #.....#
#.......#
#.)P....#
.))..)P..
#....))....
.....>......


You could see a two-headed ogre (confused, very poisoned).

Vanquished Creatures
  Maurice (D:8)
  3 kobold demonologists (D:5)
  Grinder (D:6)
  6 yaks (D:8)
  A wyvern (D:8)
  2 wargs (D:10)
  3 sky beasts
  2 water moccasins
  2 ice beasts
  7 orc warriors
  A black bear (D:5)
  4 centaurs
  3 phantoms
  2 bullfrogs
  4 kobold brigands
  3 scorpions
  6 necrophages
  3 wights (D:6)
  5 killer bees (D:9)
  3 jellies
  A lava snake (D:9)
  5 orc priests
  2 gnoll boudas
  3 hounds
  Natasha (twice) (D:3)
  9 iguanas
  10 orc wizards
  Robin (D:2)
  18 gnolls
  9 adders
  3 white imps
  A worm (D:2)
  4 dart slugs
  26 orcs
  4 bats
  5 endoplasms
  A giant cockroach (D:4)
  15 goblins
  10 hobgoblins
  2 jackals (D:2)
  2 quokkas
  5 ball pythons
  3 frilled lizards (D:3)
  15 kobolds
  5 rats
  A spectral goblin (D:6)
224 creatures vanquished.

Vanquished Creatures (others)
  2 plants (D:2)
2 creatures vanquished.

Grand Total: 226 creatures vanquished

Notes
Turn   | Place    | Note
-------+----------+-------------------------------------------
     0 | D:1      | greasedhog the Gargoyle Venom Mage began the quest for the
                  | Orb.
     0 | D:1      | Reached XP level 1. HP: 10/10 MP: 3/3
   100 | D:1      | Reached skill level 1 in Transmutations
   170 | D:1      | Reached XP level 2. HP: 16/16 MP: 3/5
   175 | D:1      | Learned a level 2 spell: Poisonous Vapours
   845 | D:2      | Reached skill level 1 in Fighting
   845 | D:2      | Reached XP level 3. HP: 9/20 MP: 0/6
  1114 | D:2      | Reached XP level 4. HP: 18/25 MP: 0/8
  1230 | D:2      | Learned a level 3 spell: Mephitic Cloud
  1626 | D:2      | Reached skill level 4 in Poison Magic
  1767 | D:3      | Noticed Natasha
  1777 | D:2      | Reached XP level 5. HP: 15/30 MP: 3/9
  1871 | D:3      | Found a shimmering blue altar of Sif Muna.
  1918 | D:3      | Noticed Robin
  1945 | D:2      | Killed Robin
  2014 | D:3      | Learned a level 4 spell: Olgreb's Toxic Radiance
  2067 | D:3      | Killed Natasha
  2313 | D:3      | Noticed Natasha
  2321 | D:3      | Killed Natasha
  2396 | D:3      | Reached XP level 6. HP: 36/36 MP: 11/11
  2540 | D:4      | Found a staircase to the Ecumenical Temple.
  2557 | Temple   | Entered the Ecumenical Temple
  2562 | Temple   | Became a worshipper of Vehumet
  2789 | D:4      | Found a stormy altar of Qazlal.
  3634 | D:5      | Entered Level 5 of the Dungeon
  3654 | D:5      | Reached skill level 5 in Poison Magic
  3665 | D:5      | Noticed a kobold demonologist
  3668 | D:5      | Noticed a kobold demonologist
  3670 | D:5      | Noticed a kobold demonologist
  3674 | D:5      | Killed a kobold demonologist
  3675 | D:5      | Reached skill level 5 in Spellcasting
  3675 | D:5      | Reached XP level 7. HP: 24/41 MP: 10/14
  3675 | D:5      | Noticed an ice devil
  3887 | D:5      | Reached skill level 1 in Conjurations
  3887 | D:5      | Reached skill level 6 in Poison Magic
  3901 | D:5      | Reached XP level 8. HP: 31/48 MP: 15/15
  4076 | D:5      | Noticed a smoke demon
  4102 | D:5      | Noticed a rust devil
  4134 | D:5      | Killed a kobold demonologist
  4135 | D:5      | Reached skill level 7 in Poison Magic
  4172 | D:5      | Reached * piety under Vehumet
  4172 | D:5      | Offered knowledge of Foxfire by Vehumet.
  4261 | D:5      | Noticed an orange demon
  4432 | D:5      | Reached skill level 5 in Fighting
  4460 | D:5      | Identified the +2 robe of Keuz Cuch {Dex+7}
  4473 | D:5      | Reached skill level 5 in Conjurations
  4473 | D:5      | Reached XP level 9. HP: 12/54 MP: 16/16
  4651 | D:5      | Reached skill level 1 in Staves
  4651 | D:5      | Reached skill level 1 in Air Magic
  5009 | D:5      | Noticed a red devil
  5141 | D:5      | Killed a kobold demonologist
  5142 | D:5      | Reached skill level 8 in Poison Magic
  5564 | D:6      | Noticed Grinder
  5605 | D:6      | Killed Grinder
  5679 | D:6      | Found a hazy altar of Hepliaklqana.
  5681 | D:6      | Reached ** piety under Vehumet
  5681 | D:6      | Offered knowledge of Kiss of Death by Vehumet.
  6330 | D:6      | Reached skill level 5 in Staves
  6438 | D:6      | Reached XP level 10. HP: 54/59 MP: 17/17
  6901 | D:7      | Reached skill level 9 in Poison Magic
  7033 | D:7      | Identified 2 scrolls of acquirement
  7035 | D:7      | Acquired 1325 gold pieces
  7037 | D:7      | Acquired the +2 cloak "Heger" {MP+9 Str+4}
  7071 | D:7      | Learned a level 2 spell: Blink
  7440 | D:8      | Reached skill level 1 in Translocations
  7442 | D:8      | Offered knowledge of Static Discharge by Vehumet.
  7878 | D:8      | Noticed Maurice
  7896 | D:8      | Killed Maurice
  8293 | D:9      | Reached *** piety under Vehumet
  8427 | D:9      | Reached skill level 5 in Air Magic
  8470 | D:9      | Found a glowing silver altar of Zin.
  8516 | D:9      | Got Umnueze's Compendium of the Hindering Ground
  8594 | D:9      | Offered knowledge of Inner Flame by Vehumet.
  8636 | D:9      | Reached XP level 11. HP: 53/63 MP: 18/18
  8917 | D:9      | Reached skill level 10 in Poison Magic
  9263 | D:9      | Found a hide-covered altar of Uskayaw.
  9284 | D:10     | Entered Level 10 of the Dungeon
  9337 | D:10     | Found a staircase to the Lair.
  9377 | D:10     | Noticed a two-headed ogre
  9379 | D:10     | HP: 1/63 [two-headed ogre/+0 giant club (19)]
  9381 | D:10     | Mangled by a two-headed ogre

Illustrated notes

Levels and vault maps discovered:
D:1:      amcnicky_arrival_abandoned_market, layout_basic,
          hangedman_decor_lopped
D:2:      layout_basic, minmay_misc_feat_columns, grunt_decor_cap,
          serial_bayou_crossing
D:3:      minmay_chambers_of_twos, layout_rooms, nicolae_sif_muna_condensation,
          uniq_natasha, uniq_robin
D:4:      layout_layer_cave, mainiacjoe_overflow_surrounded_room,
          minmay_temple_entry_glass
D:5:      layout_basic, minmay_manual_monolith
D:6:      layout_cave_pods, nicolae_hepliaklqana_monster_ancestors, uniq_grinder
D:7:      layout_gridville
D:8:      layout_basic, uniq_maurice
D:9:      layout_stronghold, nicolae_uskayaw_suspiria, zin_scriptorium
D:10:     layout_basic, erik_lair_orcish_takeover
Temple:   sentei_temple_godly_chess

Skill      XL: |  1  2  3  4  5  6  7  8  9 10 11 |
---------------+----------------------------------+-----
Transmutations | 1 3 |  3.0
Fighting       | 1 2 3 4 5 |  5.1
Spellcasting   | 3 5 |  5.1
Poison Magic   | 4 5 6 7 8 9 10 | 10.1
Conjurations   | 1 5 |  5.0
Staves         | 5 8 9 |  9.1
Air Magic      | 3 5 |  5.4
Translocations | 3 |  3.6
Dodging        | |  1.5
Stealth        | |  2.1

Action                   |  1- 3 |  4- 6 |  7- 9 | 10-12 || total
-------------------------+-------+-------+-------+-------++-------
Melee: Club              |    25 |    15 |       |       ||    40
       Spear             |       |   122 |   278 |   202 ||   602
       Punch             |       |     1 |     3 |     2 ||     6
 Cast: Sting             |    38 |    51 |    17 |    19 ||   125
       Poisonous Vapours |       |     2 |     5 |       ||     7
       Mephitic Cloud    |       |     4 |    10 |    12 ||    26
       Olgreb's Toxic Ra |       |       |    12 |    26 ||    38
Evoke: Wand              |       |       |    10 |       ||    10
  Use: Scroll            |     5 |     5 |     3 |     5 ||    18
       Potion            |       |       |     2 |     1 ||     3
 Stab: Sleeping          |       |     4 |     2 |     1 ||     7
       Distracted        |       |       |     1 |       ||     1
       Confused          |       |       |     3 |     7 ||    10
Armor: Robe              |    14 |    67 |   106 |    89 ||   276
Dodge: Dodged            |    25 |    80 |   123 |    93 ||   321

Table legend: (Time is in decaauts)
 A = Elapsed time spent in this place.
 B = Non-inter-level travel time spent in this place.
 C = Inter-level travel time spent in this place.
 D = Time resting spent in this place.
 E = Time spent auto-exploring this place.
 F = Levels seen in this place.
 G = Mean time per level.
                   A        B        C        D        E       F      G
               +--------+--------+--------+--------+--------+-----+--------+
         Total |   9411 |   9167 |    244 |   1353 |   5936 |  11 |  855.5 |
       Dungeon |   9401 |   9157 |    244 |   1353 |   5936 |  10 |  940.1 |
        Temple |     10 |     10 |      0 |      0 |      0 |   1 |   10.0 |
               +--------+--------+--------+--------+--------+-----+--------+

Top non-repeatable levels by time:
     D:5: 1512 daAuts
     D:6: 1350 daAuts
     D:4: 1308 daAuts
     D:9: 1035 daAuts
     D:2: 1021 daAuts
     D:1: 923 daAuts
     D:8: 833 daAuts
     D:7: 812 daAuts
     D:3: 510 daAuts
    D:10: 93 daAuts
  Temple: 10 daAuts
